 Dungeon Crawl Stone Soup version 0.16.2-12-gd0ad4c3 (webtiles) character file.

5979 okawaruIsDead the Basher (level 10, -1/78 HPs)
             Began as a Minotaur Fighter on Sept 13, 2015.
             Was a High Priest of Okawaru.
             Slain by an unseen horror (2 damage)
             ... on level 10 of the Dungeon.
             The game lasted 00:27:05 (8678 turns).

okawaruIsDead the Basher (Minotaur Fighter)         Turns: 8678, Time: 00:27:06

Health: -1/78      AC: 17    Str: 25    XL:     10   Next: 55%
Magic:  4/4        EV:  6    Int:  7    God:    Okawaru [*****.]
Gold:   564        SH: 12    Dex: 14    Spells: 1 memorised, 7 levels left

rFire  . . .     SeeInvis .     a - +0 flail
rCold  + . .     Clarity  .     J - +0 plate armour
rNeg   . . .     SustAb   .     c - +0 shield
rPois  .         Gourm    .     (helmet restricted)
rElec  .         Spirit   .     (no cloak)
rCorr  .         Warding  .     G - +0 pair of gloves
rMut   +         Stasis   .     T - +0 pair of boots
MR     .....                    i - amulet of resist mutation
Stlth  ..........               t - +2 ring of dexterity
                                v - ring of protection from cold

@: mighty, about to teleport, not resistant to hostile enchantments, extremely
unstealthy
A: retaliatory headbutt, horns 2
a: Heroism, Finesse, Renounce Religion


You were on level 10 of the Dungeon.
You worshipped Okawaru.
Okawaru was extremely pleased with you.
You were hungry.

You visited 2 branches of the dungeon, and saw 11 of its levels.

You collected 564 gold pieces.

Inventory:

Hand weapons
 a - a +0 flail (weapon)
Armour
 c - a +0 shield (worn)
 G - a +0 pair of gloves (worn)
 J - a +0 plate armour (worn)
 M - the +0 helmet of Xij Larch {rPois Int+6, unknown}
   (You found it on level 7 of the Dungeon)

   It affects your intelligence (+6).
   It protects you from poison.
 T - a +0 pair of boots (worn)
Jewellery
 i - an amulet of resist mutation (around neck)
 m - an uncursed ring of loudness
 t - a +2 ring of dexterity (right hand)
 v - a ring of protection from cold (left hand)
 x - an uncursed ring of flight
 A - a cursed ring of teleportation
 C - an uncursed ring of positive energy {unknown}
 P - an uncursed amulet of faith {unknown}
Magical devices
 B - a wand of flame (30)
 E - a wand of paralysis (7)
 H - a wand of slowing (14)
 I - a wand of confusion (10)
Scrolls
 f - a scroll of magic mapping {unknown}
 g - 5 scrolls of identify
 h - 4 scrolls of recharging
 j - 2 scrolls of blinking {unknown}
 k - 6 scrolls of teleportation
 n - 5 scrolls of remove curse
 w - 2 scrolls of enchant weapon {unknown}
 y - a scroll of acquirement {unknown}
 D - a scroll of fear {unknown}
 F - 2 scrolls of immolation {unknown}
 L - a scroll of amnesia {unknown}
 Q - a scroll of fog {unknown}
Potions
 b - a potion of mutation {unknown}
 e - a potion of might
 l - a potion of invisibility {unknown}
 q - 4 potions of poison {unknown}
 r - 2 potions of brilliance {unknown}
 s - 2 potions of heal wounds {unknown}
 N - a potion of agility {unknown}
Books
 u - a book of Alchemy

   Spells                             Type                      Level
   a - Sublimation of Blood           Necromancy                   2
   b - Alistair's Intoxication        Transmutation/Poison         4
   c - Condensation Shield            Ice                          4
   d - Petrify                        Transmutation/Earth          4
   e - Ignite Poison                  Fire/Transmutation           5
   f - Irradiate                      Conjuration/Transmutation    5
 z - a Young Poisoner's Handbook

   Spells                             Type                      Level
   a - Sting                          Conjuration/Poison           1
   b - Cure Poison                    Poison                       2
   c - Mephitic Cloud                 Conjuration/Poison/Air       3
   d - Olgreb's Toxic Radiance        Poison                       4
   e - Venom Bolt                     Conjuration/Poison           5
 R - a book of Spatial Translocations

   Spells                             Type                      Level
   a - Apportation                    Translocation                1
   b - Blink                          Translocation                2
   c - Shroud of Golubria             Charms/Translocation         2
   d - Portal Projectile              Translocation                3
   e - Teleport Other                 Translocation                3
   f - Passage of Golubria            Translocation                4
 S - a book of Power

   Spells                             Type                      Level
   a - Fulminant Prism                Conjuration/Hexes            4
   b - Iskenderun's Mystic Blast      Conjuration                  4
   c - Venom Bolt                     Conjuration/Poison           5
   d - Bolt of Magma                  Conjuration/Fire/Earth       5
   e - Iron Shot                      Conjuration/Earth            6
   f - Orb of Destruction             Conjuration                  7
   g - Spellforged Servitor           Conjuration/Summoning        7
Comestibles
 d - 9 bread rations
 o - 3 meat rations
 K - 8 royal jellies
 O - a beef jerky


   Skills:
 + Level 3.9 Fighting
 * Level 13.1 Maces & Flails
 - Level 10.2 Armour
 * Level 10.2 Shields


You had 7 spell levels left.
You knew the following spells:

 Your Spells              Type           Power        Failure   Level  Hunger
a - Blink                 Tloc           N/A          100%        2    ###....


Dungeon Overview and Level Annotations

Branches:
Dungeon (10/15)            Temple (1/1) D:4            Lair (0/8) D:8
    Orc (0/4) D:9

Altars:
Ashenzari
Cheibriados
Dithmenos
Elyvilon
Fedhas
Gozag
Kikubaaqudgha
Makhleb
Nemelex Xobeh
Okawaru
Qazlal
Ru
Sif Muna
Trog
Vehumet
Xom
Yredelemnul
Zin
The Shining One

Annotations:
D:9 1 runed door


Innate Abilities, Weirdness & Mutations

You reflexively headbutt those who attack you in melee.
You have a pair of horns on your head.


Message History

* * * LOW HITPOINT WARNING * * *
You miss something. Something hits you.
* * * LOW HITPOINT WARNING * * *
Read which item? (? for menu, Esc to quit)
Okay, then.
Drink which item? (? for menu, Esc to quit)
You feel very mighty all of a sudden.
Something hits you but does no damage. x2
You miss something. You block its attack.
You barely miss something. Something hits you but does no damage.
Something hits you but does no damage.
You miss something. You headbutt something!
Something hits you but does no damage. Something hits you.
* * * LOW HITPOINT WARNING * * *
Read which item? (? for menu, Esc to quit)
As you read the scroll of teleportation, it crumbles to dust.
You feel strangely unstable. Something hits you but does no damage.
Something hits you.
You die...

#.... ....# #.# . #....
>... ...... #...# #..#
#.##.# #...# #..# #.##.#
#...# #..# #.##.# #...#
#..#####.##.# #...#
#....†.......
###...########..#####.....
#........@................
###.#.##.#####..########.#
####.#.##.# #..########.#
#......##.# #..#.........
..###.##.#.##.###
#..#.######.#
................# #.## #.#
..###.#..#.##..## #.# #.#
# #..#.##...# #.# ..#
#....##... . #.#


There were no monsters in sight!

Vanquished Creatures
  Joseph (D:7)
  A queen bee (D:8)
  3 yaks (D:9)
  Grum (D:8)
  2 hippogriffs
  Edmund (D:7)
  3 wolves (D:8)
  A black bear (D:10)
  3 orc warriors
  A necrophage (D:8)
  2 ice beasts
  3 ogres
  A phantom (D:5)
  A crocodile (D:10)
  2 centaurs
  5 giant frogs
  2 big kobolds (D:8)
  2 scorpions
  17 killer bees
  5 wights (D:8)
  2 goliath beetles
  6 crimson imps
  A giant frog skeleton (D:4)
  2 hounds (D:8)
  7 jellies
  4 worker ants
  A centaur skeleton (D:7)
  2 iguanas
  3 orc priests
  9 orc wizards
  Ijyb (D:4)
  A hound zombie (D:9)
  A worker ant zombie (D:5)
  A river rat (D:8)
  5 adders
  3 shadow imps
  A worm (D:3)
  An adder skeleton (D:5)
  3 giant geckos
  2 oozes
  25 orcs
  3 bat skeletons (D:5)
  4 giant cockroaches
  11 goblins
  15 hobgoblins
  7 jackals
  17 kobolds
  2 quokkas
  A ball python (D:7)
  11 bats
  5 giant newts
  A goblin skeleton (D:9)
  A goblin zombie (D:9)
  2 jackal skeletons
  14 rats
232 creatures vanquished.

Vanquished Creatures (others)
  4 fungi (D:8)
4 creatures vanquished.

Grand Total: 236 creatures vanquished

Notes
Turn   | Place    | Note
--------------------------------------------------------------
     0 | D:1      | okawaruIsDead, the Minotaur Fighter, began the quest for the Orb.
     0 | D:1      | Reached XP level 1. HP: 19/19 MP: 1/1
   138 | D:1      | Reached XP level 2. HP: 21/26 MP: 1/1
   205 | D:1      | Found a sparkling altar of Nemelex Xobeh.
   257 | D:1      | Reached skill level 4 in Shields
   703 | D:2      | Found an ancient bone altar of Kikubaaqudgha.
   724 | D:2      | Found a shimmering altar of Xom.
   760 | D:2      | Reached XP level 3. HP: 25/31 MP: 2/2
  1425 | D:4      | Found a shattered altar of Ashenzari.
  1495 | D:4      | Found a snail-covered altar of Cheibriados.
  1536 | D:4      | Found a staircase to the Ecumenical Temple.
  1547 | Temple   | Entered the Ecumenical Temple
  1917 | D:4      | Reached XP level 4. HP: 39/39 MP: 2/2
  2004 | D:4      | Found an iron altar of Okawaru.
  2050 | D:4      | Became a worshipper of Warmaster Okawaru
  2167 | D:4      | Noticed Ijyb
  2178 | D:4      | Killed Ijyb
  2190 | D:4      | Found a basalt altar of Yredelemnul.
  2194 | D:4      | Reached skill level 5 in Shields
  2300 | D:5      | Entered Level 5 of the Dungeon
  2306 | D:5      | Noticed a phantom
  2322 | D:5      | Killed a phantom
  2322 | D:5      | Acquired Okawaru's first power
  2322 | D:5      | Reached skill level 5 in Maces & Flails
  2322 | D:5      | Reached XP level 5. HP: 33/45 MP: 2/2
  2623 | D:5      | Reached skill level 6 in Shields
  2636 | D:5      | Reached XP level 6. HP: 44/51 MP: 3/3
  3227 | D:6      | Reached skill level 7 in Shields
  3286 | D:6      | Reached XP level 7. HP: 45/57 MP: 3/3
  3683 | D:6      | Found an opulent altar of Gozag.
  3683 | D:6      | Found a glowing golden altar of the Shining One.
  4035 | D:7      | Found a radiant altar of Vehumet.
  4081 | D:7      | Reached skill level 8 in Shields
  4109 | D:7      | Got a shimmering helmet
  4315 | D:6      | Reached XP level 8. HP: 64/64 MP: 1/3
  4352 | D:7      | Noticed Joseph
  4354 | D:7      | Noticed Edmund
  4368 | D:7      | Killed Joseph
  4368 | D:7      | Reached skill level 9 in Maces & Flails
  4390 | D:7      | Killed Edmund
  4418 | D:7      | Found a deep blue altar of Sif Muna.
  5035 | D:5      | Reached skill level 10 in Shields
  5278 | D:5      | Found a sparkling altar of Nemelex Xobeh.
  5434 | D:8      | Reached skill level 10 in Maces & Flails
  5434 | D:8      | Reached skill level 5 in Armour
  5441 | D:7      | Reached XP level 9. HP: 30/70 MP: 4/4
  6196 | D:8      | Found a staircase to the Lair.
  6368 | D:8      | Reached skill level 11 in Maces & Flails
  6579 | D:8      | Noticed a queen bee
  6599 | D:8      | Killed a queen bee
  7208 | D:8      | Reached skill level 12 in Maces & Flails
  7253 | D:8      | Noticed Grum
  7378 | D:8      | Killed Grum
  7378 | D:8      | Reached XP level 10. HP: 55/77 MP: 4/4
  7970 | D:9      | Acquired Okawaru's second power
  7976 | D:9      | Found a staircase to the Orcish Mines.
  7988 | D:9      | Found a runed door.
  7988 | D:9      | Found a basalt altar of Yredelemnul.
  8101 | D:9      | Reached skill level 10 in Armour
  8161 | D:9      | Found a burning altar of Makhleb.
  8185 | D:9      | Learned a level 2 spell: Blink
  8223 | D:9      | Found a blossoming altar of Fedhas.
  8314 | D:9      | Reached skill level 13 in Maces & Flails
  8557 | D:10     | Entered Level 10 of the Dungeon
  8672 | D:10     | HP: 1/78 [something (6)]
  8677 | D:10     | HP: 1/78 [something (1)]
  8678 | D:10     | Slain by an unseen horror

Action                   |  1- 3 |  4- 6 |  7- 9 | 10-12 || total
-------------------------+-------+-------+-------+-------++-------
Melee: Flail             |   148 |   102 |   490 |   194 ||   934
Invok: Heroism           |       |       |     4 |     2 ||     6
Evoke: Wand              |       |       |     4 |       ||     4
  Use: Scroll            |       |     7 |     1 |     1 ||     9
       Potion            |       |       |     4 |     2 ||     6
 Stab: Fleeing           |       |       |       |     1 ||     1
  Eat: Chunk             |     2 |     6 |     7 |     3 ||    18
       Beef jerky        |       |       |     1 |       ||     1
       Meat ration       |       |       |     1 |       ||     1
       Fruit             |       |       |       |     1 ||     1
